 Dungeon Crawl Stone Soup version 0.31-a0-237-g2d982f9f85 (webtiles) character file.

Game seed: 2385919375976555366

328 Newt the Skirmisher (level 6, -15/40 HPs)
             Began as a Kobold Hunter on July 11, 2023.
             Demolished by Menkaure (17 damage)
             ... on level 4 of the Dungeon.
             The game lasted 00:02:08 (2801 turns).

Newt the Skirmisher (Kobold Hunter)                 Turns: 2801, Time: 00:02:08

Health: -15/40     AC: 17    Str:  9    XL:     6   Next: 80%
Magic:  6/6        EV: -4    Int: 10    God:
Gold:   208        SH:  0    Dex: 16    Spells: 5/5 levels left

rFire   + . .        a - +0 shortbow
rCold   + . .        (shield currently unavailable)
rNeg    . . .        l - +2 gold dragon scales of Qazlal's Hope {rPois rF+ rC+ Will+ Dex-4 Slay+5}
rPois   +            (no helmet)
rElec   .            (no cloak)
rCorr   .            i - +2 pair of gloves
SInv    .            (no boots)
Will    +....        (no amulet) Stlth
                     (no ring)
HPRegen 0.26/turn    (no ring)
MPRegen 0.10/turn

%: no passive effects
@: no status effects
A: small, no large weapons, nightstalker 3
a: no special abilities


You were on level 4 of the Dungeon.
You visited 1 branch of the dungeon, and saw 4 of its levels.

You collected 208 gold pieces.

Inventory:

Hand Weapons
 a - a +0 shortbow (weapon)
Armour
 c - a +0 leather armour
 i - a +2 pair of gloves (worn)
 l - the +2 gold dragon scales of Qazlal's Hope (worn) {rPois rF+ rC+ Will+ Dex-4 Slay+5}
   (You acquired it on level 4 of the Dungeon)

   Dex:       It affects your dexterity (-4).
   Slay:      It affects your accuracy & damage with ranged weapons and melee
   (+5).
   rF:        It protects you from fire.
   rC:        It protects you from cold.
   rPois:     It protects you from poison.
   Will:      It increases your willpower.
Jewellery
 j - a ring of ice
Scrolls
 b - a scroll of butterflies
 e - a scroll of enchant armour
 g - a scroll of immolation
 h - a scroll of fog
 m - a scroll of fear
 r - 2 scrolls of identify
 s - a scroll of amnesia {unknown}
Potions
 d - a potion of might
 f - 2 potions of haste
 k - a potion of heal wounds
 n - a potion of enlightenment {unknown}
 o - a potion of ambrosia {unknown}
 p - a potion of berserk rage {unknown}
 q - a potion of brilliance {unknown}


   Skills:
 - Level 5.0 Fighting
 + Level 8.4 Ranged Weapons
 - Level 2.4 Dodging
 - Level 1.3 Stealth


You had 5 spell levels left.
You didn't know any spells.
Your spell library contained the following spells:

 Spells                   Type           Power      Damage    Failure   Level
 Apportation              Tloc           0%         N/A       100%        1
 Necrotise                Necr           0%         1d4       100%        1
 Summon Small Mammal      Summ           0%         N/A       100%        1
 Blink                    Tloc           0%         N/A       100%        2
 Lesser Beckoning         Tloc           0%         N/A       100%        2
 Momentum Strike          Conj/Tloc      0%         3d8       100%        2


Dungeon Overview and Level Annotations

Branches:
Dungeon (4/15)
 Temple: D:4-7

Altars:
Ashenzari

Annotations:
D:4 Menkaure


Innate Abilities, Weirdness & Mutations

You are small and have problems with some larger weapons.
You are completely attuned to the shadows.


Message History

You see here a +0 hand axe.
Things that are here:
a +1 short sword of speed; an orc skeleton
s - a scroll labelled JIXOIS ZANAOCS
Things that are here:
a +0 mace; a +0 leather armour; a +0 buckler
There is an escape hatch in the floor here.
An adder comes into view.
The adder hisses angrily.
You shoot an arrow. The arrow hits the adder!
You kill the adder!
No target in view!
There is a stone staircase leading down here.
Menkaure, Prince of Dust comes into view.
Menkaure shouts!
Menkaure is nearby!
You shoot an arrow. The arrow hits Menkaure.
Menkaure is moderately damaged.
You shoot an arrow. The arrow barely misses Menkaure.
Menkaure gestures wildly while chanting.
Menkaure seems to speed up.
Menkaure hits you but does no damage.
You shoot an arrow. The arrow barely misses Menkaure.
Menkaure hits you.
Menkaure rustles in an indecipherable tongue.
Menkaure hits you but does no damage.
Menkaure calls on the powers of darkness!
Your body is wracked with pain!
You are too injured to fight recklessly!
You are too injured to fight recklessly!
You are too injured to fight recklessly!
You shoot an arrow. The arrow hits Menkaure.
Menkaure is heavily damaged.
Menkaure hits you.
Menkaure calls on the powers of darkness!
Your body is wracked with pain!
* * * LOW HITPOINT WARNING * * *
Menkaure hits you.
* * * LOW HITPOINT WARNING * * *
Menkaure breathes soot at you. Menkaure hits you!
You die...

.# ... ...###
...M.# # #@#
#.# . #♣ #.#
#.##.# ..#+#.
#.# #.##.#
...... #.#
#.##.# # ##..
..#. .
#.###.##.##.#
#†# ##.#####
#...........#
#.#
.###...###.
####.####.##.#
#†#
...#._.#...
....#.#
#.##.####.#
.###...###
####.##
#.##.......


You could see Menkaure (fast).

Vanquished Creatures
  An orc warrior (D:4)
  A black bear (D:4)
  2 iguanas (D:4)
  3 adders
  2 worms (D:2)
  A dart slug (D:1)
  5 orcs
  7 ball pythons
  5 endoplasms
  A giant cockroach (D:4)
  4 goblins
  3 hobgoblins
  8 jackals
  3 kobolds
  2 quokkas
  6 bats
  2 frilled lizards
  3 rats (D:3)
59 creatures vanquished.

Notes
Turn   | Place    | Note
-------+----------+-------------------------------------------
     0 | D:1      | Newt the Kobold Hunter began the quest for the Orb.
     0 | D:1      | Reached XP level 1. HP: 12/12 MP: 1/1
   143 | D:1      | Reached XP level 2. HP: 5/18 MP: 2/2
   778 | D:2      | Reached XP level 3. HP: 23/23 MP: 3/3
  1165 | D:2      | Found a broken altar of Ashenzari.
  1321 | D:2      | Noticed a shadow demon
  1325 | D:2      | Found a faded altar of an unknown god.
  1359 | D:2      | Reached XP level 4. HP: 30/30 MP: 4/4
  1876 | D:4      | Reached skill level 5 in Fighting
  1952 | D:4      | Found a broken altar of Ashenzari.
  1970 | D:4      | Reached XP level 5. HP: 35/35 MP: 5/5
  2042 | D:4      | Reached skill level 6 in Ranged Weapons
  2118 | D:4      | Identified a scroll of acquirement
  2118 | D:4      | Acquired the +2 gold dragon scales of Qazlal's Hope {rPois
                  | rF+ rC+ Will+ Dex-4 Slay+5}
  2320 | D:4      | Noticed an orc warrior
  2337 | D:4      | Killed an orc warrior
  2338 | D:4      | Reached skill level 7 in Ranged Weapons
  2338 | D:4      | Reached XP level 6. HP: 11/40 MP: 6/6
  2514 | D:4      | Noticed a black bear
  2521 | D:4      | Killed a black bear
  2522 | D:4      | Reached skill level 8 in Ranged Weapons
  2797 | D:4      | Noticed Menkaure
  2801 | D:4      | HP: 2/40 [Menkaure (6)]
  2801 | D:4      | Demolished by Menkaure

Illustrated notes

Levels and vault maps discovered:
D:1:      nicolae_arrival_memento_mori, layout_basic
D:2:      layout_loops_cross, basic_altar,
          dreamdust_ecumenical_altar_sealed_demon
D:3:      layout_basic
D:4:      layout_loops_ring, nicolae_ashenzari_panopticon, serial_shops,
          nicolae_shop_real_fake_doors, minmay_misc_feat_rows, uniq_menkaure

Skill      XL: |  1  2  3  4  5  6 |
---------------+-------------------+-----
Fighting       | 3 4 5 |  5.0
Ranged Weapons | 7 8 |  8.4
Dodging        | |  2.4
Stealth        | |  1.3

Action                     |  1- 3 |  4- 6 || total
---------------------------+-------+-------++-------
   Fire: Shortbow          |    60 |   102 ||   162
    Use: Scroll            |     6 |     5 ||    11
 Armour: Leather armour    |    11 |     8 ||    19
         Gold dragon scale |       |    71 ||    71
  Dodge: Dodged            |    37 |    24 ||    61

Table legend: (Time is in decaauts)
 A = Elapsed time spent in this place.
 B = Non-inter-level travel time spent in this place.
 C = Inter-level travel time spent in this place.
 D = Time resting spent in this place.
 E = Time spent auto-exploring this place.
 F = Levels seen in this place.
 G = Mean time per level.
                   A        B        C        D        E       F      G
               +--------+--------+--------+--------+--------+-----+--------+
         Total |   2884 |   2795 |     89 |    462 |   1938 |   4 |  721.0 |
       Dungeon |   2884 |   2795 |     89 |    462 |   1938 |   4 |  721.0 |
               +--------+--------+--------+--------+--------+-----+--------+

Top non-repeatable levels by time:
     D:4: 1035 daAuts
     D:1: 735 daAuts
     D:2: 710 daAuts
     D:3: 403 daAuts
